 Dungeon Crawl Stone Soup version 0.23-a0-143-g1adec7b (webtiles) character file.

7 Amnesiac the Chiller (level 1, -4/13 HPs)
             Began as a Mummy Ice Elementalist on Sept 2, 2018.
             Slain by an orc
             ... wielding a +0 mace
              (5 damage)
             ... on level 3 of the Dungeon.
             The game lasted 00:01:27 (389 turns).

Amnesiac the Chiller (Mummy Ice Elementalist)        Turns: 389, Time: 00:01:27

Health: -4/13      AC:  2    Str: 11    XL:     1   Next: 91%
Magic:  0/4        EV: 12    Int: 14    God:
Gold:   6          SH:  0    Dex: 12    Spells: 3/5 levels left

rFire    x . .     SeeInvis .   c - +0 flail
rCold    + . .     Gourm    .   (no shield)
rNeg     + + +     Faith    .   a - +0 robe
rPois    ∞         Spirit   .   (no helmet)
rElec    .         Reflect  .   (no cloak)
rCorr    .         Harm     .   (no gloves)
MR       .....                  (no boots)
Stlth    ++........             (no amulet)
HPRegen  0.04/turn              (no ring)
MPRegen  0.09/turn              (no ring)

@: no status effects
A: no food or potions, fire vulnerability, cold resistance 1, negative energy
resistance 3, torment resistance, unbreathing
a: no special abilities


You were on level 3 of the Dungeon.
You were not hungry.

You visited 1 branch of the dungeon, and saw 4 of its levels.

You collected 6 gold pieces.

Inventory:

Hand Weapons
 c - a +0 flail (weapon)
Armour
 a - a +0 robe (worn)
 b - a +0 buckler


   Skills:
 - Level 1.5 Dodging
 - Level 1.5 Stealth
 + Level 2.8 Spellcasting
   Level 0.7 Conjurations
 * Level 2.8 Ice Magic


You had 3 spell levels left.
You knew the following spells:

 Your Spells              Type           Power        Failure   Level  Hunger
a - Freeze                Ice            #...         7%          1    N/A
z - Confusing Touch       Hex            #.....       22%         1    N/A

Your spell library contained the following spells:

 Spells                   Type           Power        Failure   Level  Hunger
 Throw Frost              Conj/Ice       #.....       16%         2    N/A
 Animate Skeleton         Necr           N/A          22%         1    N/A
 Apportation              Tloc           #.....       22%         1    N/A
 Summon Small Mammal      Summ           #...         22%         1    N/A
 Ozocubu's Armour         Chrm/Ice       #.......     36%         3    N/A
 Throw Icicle             Conj/Ice       #.......     71%         4    N/A
 Summon Ice Beast         Ice/Summ       #.......     77%         4    N/A

Dungeon Overview and Level Annotations

Branches:
Dungeon (4/15)
 Temple: D:4-7

Altars:

Annotations:
D:3 Sigmund


Innate Abilities, Weirdness & Mutations

You do not eat or drink.
Your flesh is vulnerable to fire.
You are immune to poison.
Your flesh is cold resistant. (rC+)
You are immune to negative energy. (rN+++)
You are immune to unholy pain and torment.
You can survive without breathing.


Message History

You kill the jackal!
Training target 2.7 for Ice Magic reached!
You need to enable at least one skill for training.
The kobold shouts!
The jackal barely misses you.
Casting: Freeze (safe; 8% risk of failure)
Confirm with . or Enter, or press ? or * to list all spells.
Aiming: Freeze (safe; 8% risk of failure)
Press: ? - help, Shift-Dir - straight line, f - jackal
Aim: a jackal You freeze the jackal.
The jackal is almost dead.
The jackal completely misses you. The jackal closely misses you.
Casting: Freeze (safe; 8% risk of failure)
Confirm with . or Enter, or press ? or * to list all spells.
Aiming: Freeze (safe; 8% risk of failure)
Press: ? - help, Shift-Dir - straight line, f/p - jackal
Aim: a jackal (almost dead)
You freeze the jackal.
You kill the jackal!
The kobold hits you with a whip.
* * * LOW HITPOINT WARNING * * *
The jackal closely misses you.
Casting: Freeze (safe; 7% risk of failure)
Confirm with . or Enter, or press ? or * to list all spells.
Aiming: Freeze (safe; 7% risk of failure)
Press: ? - help, Shift-Dir - straight line, f - kobold
Aim: a kobold, wielding a whip You freeze the kobold.
The kobold is severely wounded.
The jackal bites you.
* * * LOW HITPOINT WARNING * * *
The kobold closely misses you.
Really attack barehanded? [Y]es or [N]o only, please.
Really attack barehanded?
Okay, then.
Wield which item (- for none, * to show all)? (? for menu, Esc to quit)
c - a +0 flail (weapon)
The jackal closely misses you.
You hit the kobold.
You kill the kobold!
The jackal barely misses you. The jackal bites you.
* * * LOW HITPOINT WARNING * * *
Sigmund the Dreaded comes into view.
He is wielding a scythe of protection.
The hobgoblin shouts!
Sigmund moves out of view.
You see here a whip.
The jackal barely misses you. The jackal barely misses you.
The jackal misses you.
Casting: Freeze (safe; 7% risk of failure)
Confirm with . or Enter, or press ? or * to list all spells.
Aiming: Freeze (safe; 7% risk of failure)
Press: ? - help, Shift-Dir - straight line, f - jackal
Aim: a jackal You freeze the jackal.
You kill the jackal!
The orc shouts!
Sigmund mumbles some strange words.
Sigmund flickers and vanishes!
Deactivating autopickup; reactivate with Ctrl-A.
The orc hits you with a mace.
You die...

##### #.{.# ##.#.##
######
...#####..#..##.....#
.........g##.##.....#
..@###....##........#
#..@..##)####g.....#
#..... #.# #.o....#
##...# #†## #@...###
#..##.#..###....#######
#.. #...........#.....##
#.#........#...........##
###...................#
#......#..<......<..#
#......#.......>....#
#......#.......÷....#
#.......#............#


You could see an orc and a hobgoblin.

Vanquished Creatures
  An orc (D:3)
  3 jackals (D:3)
  A frilled lizard (D:2)
  A kobold (D:3)
6 creatures vanquished.

Notes
Turn   | Place    | Note
-------+----------+-------------------------------------------
     0 | D:1      | Amnesiac the Mummy Ice Elementalist began the quest for the
                  | Orb.
     0 | D:1      | Reached XP level 1. HP: 13/13 MP: 4/4
    52 | D:3      | Learned a level 1 spell: Confusing Touch
   376 | D:3      | Noticed Sigmund
   389 | D:3      | Slain by an orc

Vault maps used:
D:1:      dpeg_arrival_stone_temple_mockup
D:2:      grunt_temple_overflow_forces_of_nature, serial_bayou,
          serial_bayou_pond_b, serial_bayou_lagoon_a, serial_bayou_pond_d,
          serial_bayou_pond_d, wad_floor_pattern_1
D:3:      grunt_temple_overflow_magic_moments, uniq_terence, uniq_sigmund
D:4:      kennysheep_mini, serial_shops, shop, first_ration,
          minmay_misc_feat_tower

Action                   || total
-------------------------++-------
Melee: Flail             ||     1
 Cast: Freeze            ||    10
Armor: Robe              ||     2
Dodge: Dodged            ||    33

Table legend:
 A = Non-vault XP
 B = Vault XP
 C = Vault XP percentage of total XP
 D = Non-vault monster count
 E = Vault monster count
 F = Vault count percentage of total count
                 A         B        C        D         E       F
            +---------+---------+-------+---------+---------+-------
      Total |      11 |       0 |   0.0 |       6 |       0 |   0.0
            +---------+---------+-------+---------+---------+-------
        D:2 |       1 |       0 |   0.0 |       1 |       0 |   0.0
        D:3 |      10 |       0 |   0.0 |       5 |       0 |   0.0
            +---------+---------+-------+---------+---------+-------
